 Dungeon Crawl Stone Soup version 0.21-a0-55-gb612c23 (webtiles) character file.

249 Ijustatesigmund the Conjurer (level 6, -29/41 HPs)
             Began as an Octopode Conjurer on June 15, 2017.
             Annihilated by an ogre
             ... wielding a +0 giant club
              (32 damage)
             ... on level 4 of the Dungeon.
             The game lasted 00:11:38 (2885 turns).

Ijustatesigmund the Conjurer (Octopode Conjurer)    Turns: 2885, Time: 00:11:39

Health: -29/41     AC:  1    Str:  7    XL:     6   Next: 12%
Magic:  7/12       EV: 13    Int: 18    God:
Gold:   141        SH:  0    Dex: 14    Spells: 7/13 levels left

rFire    . . .     SeeInvis +   m - +0 blowgun
rCold    + . .     Gourm    .   (no shield)
rNeg     . . .     Faith    .   (helmet restricted)
rPois    .         Spirit   .   (no amulet)
rElec    .         Reflect  .   k - ring of stealth
rCorr    .         Harm     .   (no ring)
MR       .....     Clarity  +   (no ring)
Stlth    ++++......             (no ring)
HPRegen  0.13/turn              (no ring)
MPRegen  0.13/turn              (no ring)
                                (no ring)
                                (no ring)

@: no status effects
A: almost no armour, stealthy swim, amphibious, 8 rings, constrict 8, camouflage
1, see invisible, clarity, cold resistance 1, gelatinous body 1
a: no special abilities


You were on level 4 of the Dungeon.
You were not hungry.

You visited 1 branch of the dungeon, and saw 4 of its levels.

You collected 141 gold pieces.

Inventory:

Hand Weapons
 c - a +1 dagger
 m - a +0 blowgun (weapon)
Missiles
 n - 6 poisoned needles (quivered)
Jewellery
 k - a ring of stealth (left tentacle)
Wands
 i - a wand of confusion (19/48)
 j - a wand of flame (18/48)
Potions
 e - a potion of resistance
 f - 2 potions of curing
 g - a potion of invisibility
 h - a potion of lignification {unknown}
 l - a potion of might {unknown}
 o - a potion of cancellation {unknown}
Books
 a - a book of Conjurations

   Spells                             Type                      Level
   a - Magic Dart                     Conjuration                  1
   b - Searing Ray                    Conjuration                  2
   c - Dazzling Spray                 Conjuration/Hexes            3
   d - Fulminant Prism                Conjuration/Hexes            4
   e - Force Lance                    Conjuration/Translocation    4
   f - Iskenderun's Mystic Blast      Conjuration                  4
Comestibles
 b - 3 bread rations
 d - 5 meat rations
 p - a chunk of flesh


   Skills:
 - Level 2.6 Fighting
 + Level 2.0 Dodging
 + Level 2.6 Stealth
 - Level 4.0 Spellcasting
 - Level 4.6 Conjurations
 - Level 2.0 Hexes


You had 7 spell levels left.
You knew the following spells:

 Your Spells              Type           Power        Failure   Level  Hunger
a - Magic Dart            Conj           ###.         2%          1    None
b - Searing Ray           Conj           ###...       3%          2    ##.....
c - Dazzling Spray        Conj/Hex       ###...       11%         3    ###....


Dungeon Overview and Level Annotations

Branches:
Dungeon (4/15)
 Temple: D:4-7

Altars:
Dithmenos
Yredelemnul
The Shining One

Annotations:
D:2 Sigmund


Innate Abilities, Weirdness & Mutations

You cannot wear most types of armour.
You are very stealthy in the water. (Stealth+)
You are amphibious.
You can wear up to eight rings at the same time.
You can use your tentacles to constrict eight enemies at once.
Your skin changes colour to match your surroundings (Stealth+).
Your rubbery body absorbs attacks. (AC +1, EV +1)
You have supernaturally acute eyesight. (SInv)
You possess an exceptional clarity of mind.
Your flesh is cold resistant. (rC+)


Message History

Press: ? - help, Shift-Dir - straight line, f/p - ogre
Aim: an ogre, wielding a giant club (severely wounded, chance to defeat MR: 46%)
The ogre resists with some effort.
Evoking this partially-identified wand wasted a few charges.
The ogre barely misses you.
Evoke which item? (* to show all) (? for menu, Esc to quit)
Aiming: Confuse (will waste charges)
Press: ? - help, Shift-Dir - straight line, f/p - ogre
Aim: an ogre, wielding a giant club (severely wounded, chance to defeat MR: 46%)
The ogre resists with some effort.
Evoking this partially-identified wand wasted a few charges.
Evoke which item? (* to show all) (? for menu, Esc to quit)
Aiming: Confuse (will waste charges)
Press: ? - help, Shift-Dir - straight line, f/p - ogre
Aim: an ogre, wielding a giant club (severely wounded, chance to defeat MR: 46%)
The ogre resists with some effort.
Evoking this partially-identified wand wasted a few charges.
The ogre hits you with a giant club!!
Ouch! That really hurt!
You die...

### *************** #..
*,,,,,,,,,,,,,* #.#
*,***********,* #.# ####*,*######
*** #.# #.....*#....#***** #..
*********#.....##....#**,***####.
,,,,,,,,,.(((..O@....######*+....
*********#...........##§.§######.
***,,,,,,#...........##._.##.....
,,,,,,,,,#...........##§.§##....#
,,,,,,,,,+.....).....##...##....#
,,,,,,,,,##..........##§.§##....#
,,,,,,,,,*#..........##...##....#
,,,,,,,,,*#..........###'###.....
,*,,,,,,,,...........#.....#.....


You could see an ogre.

Vanquished Creatures
  A black bear (D:4)
  A crimson imp (D:4)
  A hound (D:4)
  A worker ant (D:4)
  3 adders
  A dart slug (D:3)
  3 leopard geckos
  An orc (D:3)
  3 giant cockroaches
  2 goblins
  A hobgoblin (D:3)
  3 jackals (D:4)
  7 kobolds
  2 quokkas (D:3)
  A ball python (D:1)
  2 bats (D:1)
  3 frilled lizards
  6 rats
42 creatures vanquished.

Notes
Turn   | Place    | Note
-------+----------+-------------------------------------------
     0 | D:1      | Ijustatesigmund the Octopode Conjurer began the quest for the Orb.
     0 | D:1      | Reached XP level 1. HP: 11/11 MP: 3/3
   313 | D:1      | Reached XP level 2. HP: 17/17 MP: 0/5
   317 | D:1      | Learned a level 2 spell: Searing Ray
   428 | D:1      | Gained mutation: You possess an exceptional clarity of mind. [potion of mutation]
   428 | D:1      | Gained mutation: Your flesh is cold resistant. (rC+) [potion of mutation]
   428 | D:1      | Gained mutation: You have supernaturally acute eyesight. (SInv) [potion of mutation]
   845 | D:2      | Reached XP level 3. HP: 21/21 MP: 0/7
   935 | D:2      | Noticed Sigmund
  1058 | D:3      | Found a shadowy altar of Dithmenos.
  1450 | D:3      | Learned a level 3 spell: Dazzling Spray
  1860 | D:3      | Reached XP level 4. HP: 27/27 MP: 4/9
  2054 | D:4      | Reached skill level 1 in Fighting
  2188 | D:4      | Reached XP level 5. HP: 14/34 MP: 0/11
  2471 | D:4      | Reached skill level 1 in Hexes
  2600 | D:4      | Noticed a black bear
  2640 | D:4      | Killed a black bear
  2793 | D:4      | Reached XP level 6. HP: 41/41 MP: 8/12
  2853 | D:4      | Found a basalt altar of Yredelemnul.
  2858 | D:4      | Found a glowing golden altar of the Shining One.
  2860 | D:4      | Noticed an angel
  2882 | D:4      | HP: 2/41 [ogre/giant club (16)]
  2885 | D:4      | Annihilated by an ogre

Vault maps used:
D:1:      scummos_arrival_simple_crosswalls
D:2:      lemuel_round_altar, uniq_sigmund
D:3:      nicolae_dithmenos_shadow_blocks
D:4:      grunt_temple_overflow_holy_war, first_bread

Skill      XL: |  1  2  3  4  5 |
---------------+----------------+-----
Spellcasting   | 3 4 |  4.0
Fighting       | 1 2 |  2.6
Hexes          | 2 |  2.0
Dodging        | |  2.0
Stealth        | |  2.6
Conjurations   | |  4.6

Action                   |  1- 3 |  4- 6 || total
-------------------------+-------+-------++-------
Melee: Dagger            |       |     4 ||     4
       Constrict         |       |     2 ||     2
       Tentacles         |       |     1 ||     1
 Fire: Blowgun           |       |     6 ||     6
 Cast: Magic Dart        |    65 |    29 ||    94
       Searing Ray       |     1 |     5 ||     6
Evoke: Wand              |       |     3 ||     3
  Use: Scroll            |    10 |     1 ||    11
       Potion            |     1 |       ||     1
  Eat: Chunk             |     2 |     4 ||     6
Armor: Skin              |       |     2 ||     2
Dodge: Dodged            |    10 |     5 ||    15
